AoeStats
← Razzle D. Tuna

Nomad

510078109Analyzed
4v4 RM · 4d ago on Sep 29, 2026· 59m 12s· 8 players
Game mode
Random Map
Map size
231×231
Population
200
Speed
Normal
Resources
Standard
Victory
Conquest
Starting age
Dark Age
Ending age
Imperial Age
RankedLock teamsTeams togetherTeam positionsShared explorationLock speedFull tech treeHidden civsTurbo modeCheats
Victory
Defeat
🇦🇺 Huns · Australia
980
+11
🇦🇺 Cumans · Australia
909
+13
🇦🇺 Huns · Australia
882
+15
🇦🇺 Burgundians · Australia
709
+21
🇲🇽 Persians · Mexico
876
-16
🇪🇸 Spanish · Spain
861
-16
🇹🇼 Britons · Taiwan
848
-15
🇨🇳 Huns · China
811
-13
Kerrigan
9:29 Loom
16:12 Feudal Age
22:38 Castle Age
22:20 Horse Collar
23:44 Pikeman
31:41 Crossbowman
32:54 Squires
32:59 Husbandry
33:42 Fletching
41:18 Town Watch
44:15 Imperial Age
43:01 Heavy Plow
43:29 Forging
43:23 Scale Mail Armor
43:42 Bodkin Arrow
43:51 Scale Mail Armor
44:46 Town Watch
44:48 Arson
46:39 Iron Casting
52:56 Fervor
54:16 Wheelbarrow
55:00 Halberdier
該死的安倍晉三
5:16 Loom
16:55 Feudal Age
18:28 Wheelbarrow
17:41 Double-Bit Axe
21:04 Scale Barding Armor
24:30 Castle Age
23:44 Stone Mining
23:48 Gold Mining
26:52 Hand Cart
27:02 Chain Barding Armor
27:48 Marauders
27:52 Horse Collar
32:03 Bow Saw
33:15 Marauders
34:12 Scale Mail Armor
35:09 Heavy Plow
35:38 Ballistics
38:50 Gold Shaft Mining
39:30 Forging
41:06 Iron Casting
40:36 Husbandry
41:22 Bloodlines
45:03 Squires
44:24 Pikeman
48:19 Imperial Age
54:31 Conscription
Long
11:03 Loom
18:40 Feudal Age
20:14 Fishing Lines
24:46 Castle Age
23:31 Double-Bit Axe
23:31 Horse Collar
24:04 Bloodlines
23:48 Gold Mining
23:59 Stone Mining
25:13 Husbandry
25:24 Gillnets
26:59 Heavy Plow
27:11 Bow Saw
27:48 Gold Shaft Mining
33:42 Imperial Age
33:40 Wheelbarrow
36:44 Hand Cart
37:37 Stone Shaft Mining
38:06 Two-Man Saw
37:35 Elite War Elephant
38:36 Conscription
40:25 Hoardings
40:54 Forging
40:57 Scale Barding Armor
42:46 Iron Casting
44:37 Thumb Ring
43:53 Crossbowman
46:37 Crop Rotation
49:00 Ballistics
50:58 Blast Furnace
50:18 Chain Barding Armor
55:36 Kamandaran
57:52 Plate Barding Armor
60:03 Chemistry
59:16 Masonry
ateca9
5:17 Loom
15:03 Feudal Age
15:50 Double-Bit Axe
20:26 Wheelbarrow
23:29 Castle Age
23:08 Forging
23:03 Horse Collar
24:07 Bloodlines
30:34 Hand Cart
30:08 Town Watch
33:41 Scale Mail Armor
34:48 Iron Casting
34:17 Husbandry
34:22 Heavy Plow
35:25 Ballistics
34:30 Pikeman
37:41 Gold Mining
37:44 Stone Mining
43:30 Imperial Age
42:24 Squires
42:49 Chain Mail Armor
42:25 Fletching
42:29 Elite Skirmisher
44:21 Thumb Ring
44:51 Conscription
44:05 Capped Ram
46:24 Plate Mail Armor
45:54 Padded Archer Armor
46:55 Blast Furnace
46:16 Halberdier
48:34 Leather Archer Armor
48:14 Bodkin Arrow
Jay
3:45 Loom
13:09 Feudal Age
14:27 Wheelbarrow
13:47 Double-Bit Axe
19:34 Horse Collar
22:52 Forging
27:46 Castle Age
26:47 Scale Barding Armor
28:43 Hand Cart
28:59 Heavy Plow
29:12 Bow Saw
30:09 Gold Mining
30:09 Stone Mining
32:51 Marauders
35:31 Bloodlines
35:23 Husbandry
37:45 Chain Barding Armor
38:03 Iron Casting
41:58 Imperial Age
42:14 Capped Ram
44:20 Blast Furnace
43:21 Elite Tarkan
45:20 Plate Barding Armor
45:52 Conscription
47:02 Fletching
53:44 Illumination
53:32 Fervor
55:21 Pikeman
56:05 Scale Mail Armor
56:24 Squires
56:09 Arson
58:50 Chain Mail Armor
58:00 Halberdier
Razzle D. Tuna
6:45 Loom
19:16 Feudal Age
19:56 Double-Bit Axe
29:48 Castle Age
28:04 Stone Mining
28:45 Bow Saw
28:20 Horse Collar
28:52 Scale Barding Armor
29:14 Forging
32:52 Pikeman
39:28 Gold Mining
39:05 Cavalier
40:49 Fortified Wall
41:35 Gold Shaft Mining
49:19 Imperial Age
48:25 Wheelbarrow
50:30 Conscription
50:29 Burgundian Vineyards
52:37 Hand Cart
52:34 Heavy Plow
Jack
7:31 Loom
14:48 Feudal Age
16:17 Wheelbarrow
17:00 Gold Mining
17:12 Double-Bit Axe
18:29 Stone Mining
23:01 Bloodlines
25:32 Scale Barding Armor
29:59 Castle Age
28:33 Forging
28:30 Fishing Lines
28:46 Horse Collar
30:59 Chain Barding Armor
31:18 Iron Casting
30:49 Husbandry
37:03 Heavy Plow
37:15 Bow Saw
39:24 Hand Cart
41:53 Imperial Age
41:13 Caravan
42:54 Marauders
43:24 Murder Holes
43:20 Elite Tarkan
45:27 Atheism
53:17 Plate Barding Armor
53:42 Blast Furnace
PetForMeows
6:11 Loom
14:58 Feudal Age
16:16 Double-Bit Axe
18:08 Horse Collar
21:16 Wheelbarrow
23:59 Castle Age
21:58 Fishing Lines
23:13 Fletching
25:20 Hand Cart
25:45 Scale Mail Armor
26:54 Heavy Plow
27:49 Crossbowman
29:38 Thumb Ring
32:29 Bodkin Arrow
32:42 Scale Barding Armor
32:48 Forging
33:33 Town Watch
34:09 Murder Holes
33:50 Pikeman
37:22 Imperial Age
35:29 Ballistics
36:24 Iron Casting
37:57 Chain Barding Armor
38:07 Bloodlines
39:38 Bow Saw
40:05 Crop Rotation
41:05 Guilds
41:34 Plate Barding Armor
42:07 Blast Furnace
41:25 Elite Steppe Lancer
44:10 Squires
45:50 Steppe Husbandry
47:47 Halberdier
48:43 Padded Archer Armor
51:45 Chain Mail Armor
58:23 Capped Ram
Connection lost

Rejoining the realm…

Still unreachable

The connection could not be restored.

Session expired

The server has moved on; the page needs a fresh start.